 Dungeon Crawl Stone Soup version 0.21-a0-338-g36cf2fc (webtiles) character file.

118 Monsterracer the Magician (level 5, -2/37 HPs)
             Began as a Gnoll Wizard on Oct 3, 2017.
             Was an Initiate of Jiyva.
             Killed from afar by an orc wizard (7 damage)
             ... with a puff of flame
             ... on level 4 of the Dungeon.
             The game lasted 00:09:15 (3118 turns).

Monsterracer the Magician (Gnoll Wizard)            Turns: 3118, Time: 00:09:16

Health: -2/37      AC:  4    Str:  9    XL:     5   Next: 2%
Magic:  5/14       EV: 14    Int: 21    God:    Jiyva [......]
Gold:   149        SH:  0    Dex: 14    Spells: 9/18 levels left

rFire    . . .     SeeInvis .   b - +0 quarterstaff
rCold    . . .     Gourm    .   (shield currently unavailable)
rNeg     . . .     Faith    .   e - +0 robe
rPois    .         Spirit   .   o - +0 hat
rElec    .         Reflect  .   (no cloak)
rCorr    .         Harm     .   (no gloves)
MR       .....                  s - +1 pair of boots
Stlth    +++++.....             (no amulet)
HPRegen  0.12/turn              j - ring of stealth
MPRegen  0.14/turn              m - ring of stealth

@: no status effects
A: distributed training, fangs 1, strong nose
a: Renounce Religion


You were on level 4 of the Dungeon.
You worshipped Jiyva.
Jiyva was noncommittal.
You were hungry.

You visited 2 branches of the dungeon, and saw 5 of its levels.

You collected 149 gold pieces.

Inventory:

Hand Weapons
 a - a +0 dagger
 b - a +0 quarterstaff (weapon)
Armour
 c - a cursed +0 ring mail
 e - a +0 robe (worn)
 o - a +0 hat (worn)
 s - a +1 pair of boots (worn)
Jewellery
 j - a ring of stealth (left hand)
 m - a ring of stealth (right hand)
Wands
 A - a wand of random effects (17/48)
Scrolls
 g - 2 scrolls of teleportation {unknown}
 n - 2 scrolls of identify {unknown}
 p - 2 scrolls of enchant armour {unknown}
 t - 2 scrolls of remove curse {unknown}
 u - a scroll of recharging {unknown}
 x - a scroll of amnesia {unknown}
 y - 3 scrolls of noise {unknown}
Potions
 f - a potion of mutation {unknown}
 h - a potion of lignification {unknown}
 i - 3 potions of curing {unknown}
 l - a potion of cancellation {unknown}
 q - 3 potions of flight {unknown}
 r - a potion of brilliance {unknown}
 v - a potion of degeneration {unknown}
 w - 2 potions of heal wounds {unknown}
Comestibles
 d - 4 bread rations
 k - 2 meat rations
 z - 2 fruits


   Skills:
 + Level 1.2 Fighting
 + Level 1.2 Short Blades
 + Level 1.2 Long Blades
 + Level 1.2 Axes
 + Level 1.2 Maces & Flails
 + Level 1.2 Polearms
 + Level 1.2 Staves
 + Level 1.2 Slings
 + Level 1.2 Bows
 + Level 1.2 Crossbows
 + Level 1.2 Throwing
 + Level 1.2 Armour
 + Level 4.7 Dodging
 + Level 4.3 Stealth
   Level 0.0 Stabbing
 + Level 1.2 Shields
   Level 0.0 Traps
 + Level 1.2 Unarmed Combat
 + Level 7.2 Spellcasting
 + Level 2.8 Conjurations
 + Level 1.2 Hexes
 + Level 1.2 Charms
 + Level 2.8 Summonings
 + Level 1.2 Necromancy
 + Level 2.8 Translocations
 + Level 1.2 Transmutations
 + Level 1.2 Fire Magic
 + Level 1.2 Ice Magic
 + Level 1.2 Air Magic
 + Level 1.2 Earth Magic
 + Level 1.2 Poison Magic
 + Level 1.2 Invocations
 + Level 1.2 Evocations


You had 9 spell levels left.
You knew the following spells:

 Your Spells              Type           Power        Failure   Level  Hunger
a - Magic Dart            Conj           ###.         2%          1    None
b - Conjure Flame         Conj/Fire      ###.....     11%         3    None
c - Mephitic Cloud        Conj/Pois/Air  ###.....     12%         3    None
e - Blink                 Tloc           N/A          4%          2    None


Dungeon Overview and Level Annotations

Branches:
Dungeon (4/15)             Temple (1/1) D:4

Altars:
Dithmenos
Fedhas
Kikubaaqudgha
Makhleb
Nemelex Xobeh
Qazlal
Trog
Vehumet
Wu Jian
Yredelemnul
Zin
Jiyva


Innate Abilities, Weirdness & Mutations

Your experience applies equally to all skills.
You have very sharp teeth.
Your uncanny sense of smell can sniff out nearby items.


Message History

* * * LOW HITPOINT WARNING * * *
The hound skeleton closely misses you.
Huge Dmg: -50%(-16hp) hp: 32%(10hp) Unknown command.
Casting: Magic Dart
Confirm with . or Enter, or press ? or * to list all spells.
Aiming: Magic Dart
Press: ? - help, Shift-Dir - straight line, f/p - orc
Aim: an orc, wielding a falchion and wearing a scale mail The magic dart hits the hound skeleton.
You destroy the hound skeleton!
You have reached level 5!
The orc priest looks satisfied for a moment.
The orc wizard casts a spell at you. The magic dart hits you!
* * * LOW HITPOINT WARNING * * *
Huge Dmg: -11%(-4hp) hp: 22%(8hp) Unknown command.
The orc wizard barely misses you. The orc wizard barely misses you.
Unknown command.
The orc priest calls upon Beogh to heal the orc wizard.
The orc wizard's wounds heal themselves!
The orc wizard hits you with a dagger.
* * * LOW HITPOINT WARNING * * *
Huge Dmg: -8%(-3hp) hp: 14%(5hp) Unknown command.
The orc wizard casts a spell at you. The puff of flame hits you!
You die...

## .# #.###.#.... # #.
.## .+.#>#.+....
..##.####...
##.#.#'#.#....
#..>.....##.#
#..#.....#....
#........##..
#..###'###..#.
.........#
#.#####.###..#.#####
.........#
#..............# #
.........#
#...†.......###
.........##
#.@........##
#....(.#..###.o........#
#...o..##..o..o........#
## #......
####...........# ##.
#...... ##...........#
##.. .......
#.............##..>
.#....?
............##......
#.#♣P≈≈♣≈P≈♣. ...... P≈
♣P♣♣♣≈♣≈♣ ♣≈....


You could see an orc priest, an orc wizard and an orc.

Vanquished Creatures
  A hound skeleton (D:4)
  3 adders
  A gnoll (D:1)
  2 dart slugs
  2 leopard geckos
  3 orcs
  3 giant cockroaches (D:2)
  5 goblins
  7 hobgoblins
  6 kobolds
  6 quokkas
  A ball python (D:4)
  8 bats
  3 frilled lizards (D:1)
  A quokka skeleton (D:4)
  8 rats
60 creatures vanquished.

Notes
Turn   | Place    | Note
-------+----------+-------------------------------------------
     0 | D:1      | Monsterracer the Gnoll Wizard began the quest for the Orb.
     0 | D:1      | Reached XP level 1. HP: 13/13 MP: 8/8
   185 | D:1      | Reached XP level 2. HP: 20/20 MP: 5/10
   506 | D:1      | Reached XP level 3. HP: 25/25 MP: 8/11
   595 | D:1      | Found a sparkling altar of Nemelex Xobeh.
   725 | D:1      | Learned a level 3 spell: Conjure Flame
   729 | D:1      | Learned a level 3 spell: Mephitic Cloud
   732 | D:1      | Learned a level 2 spell: Blink
  1435 | D:2      | Reached skill level 1 in Fighting
  1435 | D:2      | Reached skill level 1 in Short Blades
  1435 | D:2      | Reached skill level 1 in Long Blades
  1435 | D:2      | Reached skill level 1 in Axes
  1435 | D:2      | Reached skill level 1 in Maces & Flails
  1435 | D:2      | Reached skill level 1 in Polearms
  1435 | D:2      | Reached skill level 1 in Staves
  1435 | D:2      | Reached skill level 1 in Slings
  1435 | D:2      | Reached skill level 1 in Bows
  1435 | D:2      | Reached skill level 1 in Crossbows
  1435 | D:2      | Reached skill level 1 in Throwing
  1435 | D:2      | Reached skill level 1 in Armour
  1435 | D:2      | Reached skill level 1 in Shields
  1435 | D:2      | Reached skill level 1 in Unarmed Combat
  1435 | D:2      | Reached skill level 1 in Hexes
  1435 | D:2      | Reached skill level 1 in Charms
  1435 | D:2      | Reached skill level 1 in Necromancy
  1435 | D:2      | Reached skill level 1 in Transmutations
  1435 | D:2      | Reached skill level 1 in Fire Magic
  1435 | D:2      | Reached skill level 1 in Ice Magic
  1435 | D:2      | Reached skill level 1 in Air Magic
  1435 | D:2      | Reached skill level 1 in Earth Magic
  1435 | D:2      | Reached skill level 1 in Poison Magic
  1435 | D:2      | Reached skill level 1 in Invocations
  1435 | D:2      | Reached skill level 1 in Evocations
  1577 | D:2      | Reached XP level 4. HP: 21/32 MP: 13/13
  2316 | D:3      | Found a faded altar of an unknown god.
  2898 | D:4      | Found a staircase to the Ecumenical Temple.
  2910 | Temple   | Entered the Ecumenical Temple
  2973 | Temple   | Became a worshipper of Jiyva Julus the Shapeless
  3111 | D:4      | HP: 10/32 [orc priest/divine providence (16)]
  3112 | D:4      | Reached XP level 5. HP: 11/37 MP: 4/14
  3117 | D:4      | HP: 5/37 [orc wizard/dagger (3)]
  3118 | D:4      | Killed from afar by an orc wizard

Vault maps used:
D:1:      noname_arrival_rooms_in_the_neighbourhood, nemelex_altar_shiori
D:2:      first_bread
D:3:      chequers_ecumenical_altar_island, guppyfry_early_lair_pool
D:4:      nicolae_overflow_hidden_temple, kennysheep_mini_moat,
          minmay_temple_entry_glassed_door, gup_sewer_entry_spiral,
          serial_bayou_lake_a
Temple:   pf_slimified_temple

Skill      XL: |  1  2  3 |
---------------+----------+-----
Fighting       | 1 |  1.2
Short Blades   | 1 |  1.2
Long Blades    | 1 |  1.2
Axes           | 1 |  1.2
Maces & Flails | 1 |  1.2
Polearms       | 1 |  1.2
Staves         | 1 |  1.2
Slings         | 1 |  1.2
Bows           | 1 |  1.2
Crossbows      | 1 |  1.2
Throwing       | 1 |  1.2
Armour         | 1 |  1.2
Shields        | 1 |  1.2
Unarmed Combat | 1 |  1.2
Hexes          | 1 |  1.2
Charms         | 1 |  1.2
Necromancy     | 1 |  1.2
Transmutations | 1 |  1.2
Fire Magic     | 1 |  1.2
Ice Magic      | 1 |  1.2
Air Magic      | 1 |  1.2
Earth Magic    | 1 |  1.2
Poison Magic   | 1 |  1.2
Invocations    | 1 |  1.2
Evocations     | 1 |  1.2
Dodging        | |  4.7
Stealth        | |  4.3
Spellcasting   | |  7.2
Conjurations   | |  2.8
Summonings     | |  2.8
Translocations | |  2.8

Action                   |  1- 3 |  4- 6 || total
-------------------------+-------+-------++-------
Melee: Dagger            |    25 |     7 ||    32
       Falchion          |     2 |       ||     2
       Bite              |     1 |       ||     1
       Quarterstaff      |       |     8 ||     8
 Cast: Magic Dart        |    70 |    60 ||   130
       Conjure Flame     |       |     1 ||     1
 Stab: Sleeping          |     4 |     3 ||     7
  Eat: Chunk             |     2 |     4 ||     6
Armor: Robe              |     3 |     6 ||     9
Dodge: Dodged            |    26 |    20 ||    46
       Rpst.: Falchion   |     1 |       ||     1

Table legend:
 A = Spawn XP
 B = Non-spawn XP
 C = Spawn XP percentage of total XP
 D = Spawn monster count
 E = Non-spawn monster count
 F = Spawn count percentage of total count
 G = Total turns spent on level
                    A         B        C        D         E        F      G
               +---------+---------+-------+---------+---------+-------+---------
         Total |       0 |     169 |   0.0 |       0 |      60 |   0.0 |  3118
               +---------+---------+-------+---------+---------+-------+---------
           D:1 |       0 |      41 |   0.0 |       0 |      19 |   0.0 |   793
           D:2 |       0 |      44 |   0.0 |       0 |      18 |   0.0 |  1116
           D:3 |       0 |      52 |   0.0 |       0 |      16 |   0.0 |   938
           D:4 |       0 |      32 |   0.0 |       0 |       7 |   0.0 |   109
               +---------+---------+-------+---------+---------+-------+---------

Vault maps used:
D:1:      noname_arrival_rooms_in_the_neighbourhood, nemelex_altar_shiori
D:2:      first_bread
D:3:      chequers_ecumenical_altar_island, guppyfry_early_lair_pool
D:4:      nicolae_overflow_hidden_temple, kennysheep_mini_moat,
          minmay_temple_entry_glassed_door, gup_sewer_entry_spiral,
          serial_bayou_lake_a
Temple:   pf_slimified_temple
